 Dungeon Crawl Stone Soup version 0.28-a0-199-g298df9dbad (webtiles) character file.

Game seed: 18085659395088451402

275 bande the Covered (level 6, -2/38 HPs)
             Began as a Gargoyle Fighter on Aug 20, 2021.
             Killed by divine providence
             ... invoked by an orc priest
              (14 damage)
             ... on level 4 of the Dungeon.
             The game lasted 00:06:57 (4067 turns).

bande the Covered (Gargoyle Fighter)                Turns: 4067, Time: 00:06:58

Health: -2/38      AC: 16    Str: 21    XL:     6   Next: 24%
Magic:  6/6        EV:  6    Int:  8    God:
Gold:   193        SH:  0    Dex: 16    Spells: 5/5 levels left

rFire   . . .      SeeInvis .   a - +0 war axe
rCold   . . .      Faith    .   c - +0 kite shield
rNeg    + . .      Spirit   .   f - +0 chain mail
rPois   ∞          Reflect  .   i - +0 helmet
rElec   +          Harm     .   (no cloak)
rCorr   .          Rampage  .   e - +0 pair of gloves
Will    .....                   (no boots)
Stlth   ..........              (no amulet)
HPRegen 0.12/turn               k - +6 ring of dexterity
MPRegen 0.10/turn               (no ring)

@: confused
A: sickness immunity, AC +4, negative energy resistance 1, electricity
resistance, torment resistance 1, petrification resistance
a: no special abilities


You were on level 4 of the Dungeon.
You visited 1 branch of the dungeon, and saw 4 of its levels.

You collected 193 gold pieces.

Inventory:

Hand Weapons
 a - a +0 war axe (weapon)
 h - a +0 flail
Armour
 c - a +0 kite shield (worn)
 e - a +0 pair of gloves (worn)
 f - a +0 chain mail (worn)
 i - a +0 helmet (worn)
Jewellery
 k - a +6 ring of dexterity (left hand)
Wands
 m - a wand of iceblast (11)
Scrolls
 l - a scroll of enchant weapon {unknown}
Potions
 b - a potion of haste {unknown}
 d - 3 potions of might
 g - a potion of mutation {unknown}
 j - a potion of attraction {unknown}
 n - a potion of curing {unknown}


   Skills:
 + Level 4.0 Fighting
 + Level 3.9 Axes
 + Level 4.5 Armour
 + Level 0.8 Dodging
 + Level 4.3 Shields
 * Level 0.2 Evocations


You had 5 spell levels left.
You didn't know any spells.
Your spell library was empty.

Dungeon Overview and Level Annotations

Branches:
Dungeon (4/15)
 Temple: D:4-7

Altars:
Ru

Shops:
D:1 [


Innate Abilities, Weirdness & Mutations

You are immune to sickness and miasma.
Your stone body is resilient. (AC +4)
You are immune to poison.
You resist negative energy. (rN+)
You are resistant to electric shocks. (rElec)
You are resistant to unholy torment.
You are immune to petrification.


Message History

You miss something.
You hear some strange, mumbled words.
A puff of flame appears from out of thin air!
You block the puff of flame. You block the orc's attack.
You hear some strange, mumbled words.
A puff of flame appears from out of thin air!
The puff of flame misses you. The orc hits you but does no damage.
You closely miss something. Something hits you but does no damage.
You block the orc's attack. Something hits you but does no damage.
You barely miss something.
The orc hits you from afar with a +0 trident.
Something hits you.
The orc hits you from afar with a +0 trident.
Unknown command.
You miss something. Something hits you but does no damage.
You block the orc's attack. Something hits you but does no damage.
Unknown command.
You barely miss something. You block the orc's attack.
You block something's attack. The orc barely misses you.
You hit something.
The orc priest mumbles some strange prayers to Beogh against you.
Beogh smites you! Something hits you but does no damage.
The orc hits you but does no damage.
You hear some strange, mumbled words.
Something tries to affect you, but you resist.
You closely miss something. You block the orc's attack.
Something hits you but does no damage. The orc hits you but does no damage.
You hit something but do no damage. Something hits you.
The orc hits you from afar with a +0 trident.
* * * LOW HITPOINT WARNING * * *
Something hits you but does no damage.
Unknown command.
An orc wizard appears from thin air!
Reactivating autopickup.
The orc wizard casts a spell at you.
You are confused.
There is a stone staircase leading up here.
The orc priest mumbles some strange prayers to Beogh against you.
Beogh smites you!
You die...

### #.# ##.##
... ... . # #.#
#.##.##.#
.......@#
#.##.##.#######
#...o......#
#.#####.#####.#
......oo....(..
#.#####.#####[#
#o# #)# #.#


You could see an orc priest, an orc wizard and 2 orcs.

Vanquished Creatures
  A jelly (D:3)
  An orc wizard (D:3)
  Terence (D:2)
  Robin (D:3)
  4 gnolls
  A howler monkey skeleton (D:3)
  4 adders
  A worm (D:2)
  A dart slug (D:1)
  7 orcs
  7 endoplasms
  5 giant cockroaches
  11 goblins
  10 hobgoblins
  4 jackals (D:1)
  2 quokkas (D:2)
  9 ball pythons
  6 bats
  7 frilled lizards
  7 kobolds
  5 rats
95 creatures vanquished.

Notes
Turn   | Place    | Note
-------+----------+-------------------------------------------
     0 | D:1      | bande the Gargoyle Fighter began the quest for the Orb.
     0 | D:1      | Reached XP level 1. HP: 14/14 MP: 1/1
   128 | D:1      | Reached XP level 2. HP: 19/19 MP: 2/2
   255 | D:1      | Found Xuewim's Armour Shoppe.
   550 | D:1      | Reached XP level 3. HP: 24/24 MP: 3/3
  1527 | D:2      | Reached XP level 4. HP: 29/29 MP: 4/4
  1718 | D:2      | Noticed Terence
  1725 | D:2      | Killed Terence
  2053 | D:3      | Reached XP level 5. HP: 33/33 MP: 5/5
  2570 | D:3      | Found a sacrificial altar of Ru.
  2641 | D:3      | Noticed Robin
  2689 | D:3      | Killed Robin
  3572 | D:3      | Reached XP level 6. HP: 37/38 MP: 6/6
  4067 | D:4      | Killed from afar by an orc priest

Illustrated notes

Levels and vault maps discovered:
D:1:      dpeg_arrival_tiny_d, layout_loops_ring, serial_shops,
          nicolae_lakefront_shop
D:2:      layout_loops_ring, uniq_terence
D:3:      layout_loops_ring, general_overflow_altar, minmay_starry_boxes,
          uniq_robin
D:4:      layout_basic, kennysheep_generic_room_13

Skill      XL: |  1  2  3  4  5 |
---------------+----------------+-----
Axes           | 2 3 |  3.9
Armour         | 4 |  4.5
Shields        | 4 |  4.3
Fighting       | 4 |  4.0
Dodging        | |  0.8
Evocations     | |  0.2

Action                   |  1- 3 |  4- 6 || total
-------------------------+-------+-------++-------
Melee: War axe           |   112 |   196 ||   308
  Use: Potion            |     1 |       ||     1
       Scroll            |     1 |     2 ||     3
Armor: Scale mail        |    38 |       ||    38
       Chain mail        |    44 |   141 ||   185
Dodge: Dodged            |    33 |    43 ||    76
Block: Kite shield       |    49 |   132 ||   181

Table legend: (Time is in decaauts)
 A = Elapsed time spent in this place.
 B = Non-inter-level travel time spent in this place.
 C = Inter-level travel time spent in this place.
 D = Time resting spent in this place.
 E = Time spent auto-exploring this place.
 F = Levels seen in this place.
 G = Mean time per level.
                   A        B        C        D        E       F      G
               +--------+--------+--------+--------+--------+-----+--------+
         Total |   4254 |   4162 |     92 |    787 |   2343 |   4 | 1063.5 |
       Dungeon |   4254 |   4162 |     92 |    787 |   2343 |   4 | 1063.5 |
               +--------+--------+--------+--------+--------+-----+--------+

Top non-repeatable levels by time:
     D:3: 1602 daAuts
     D:2: 1455 daAuts
     D:1: 1144 daAuts
     D:4: 51 daAuts
